 Dungeon Crawl Stone Soup version 0.30.2 (webtiles) character file.

Game seed: 5883008072603747707

20 porpoise the Shooter (level 3, -5/28 HPs)
             Began as a Human Hunter on Jan 28, 2024.
             Slain by a kobold
             ... wielding a +0 broad axe
              (8 damage)
             ... on level 1 of the Dungeon.
             The game lasted 00:01:40 (136 turns).

porpoise the Shooter (Human Hunter)                  Turns: 136, Time: 00:01:40

Health: -5/28      AC:  3    Str: 11    XL:     3   Next: 0%
Magic:  3/3        EV: 12    Int:  9    God:
Gold:   42         SH:  0    Dex: 18    Spells: 2/2 levels left

rFire   . . .        a - +0 shortbow
rCold   . . .        (shield currently unavailable)
rNeg    . . .        c - +0 leather armour
rPois   .            (no helmet)
rElec   .            (no cloak)
rCorr   .            (no gloves)
SInv    .            (no boots)
Will    .....        (no amulet)
Stlth   ++           (no ring)
HPRegen 0.24/turn    (no ring)
MPRegen 0.08/turn

%: no passive effects
@: no status effects
A: no striking features
a: no special abilities


You were on level 1 of the Dungeon.
You visited 1 branch of the dungeon, and saw 1 of its levels.

You collected 42 gold pieces.

Inventory:

Hand Weapons
 a - a +0 shortbow (weapon)
Armour
 c - a +0 leather armour (worn)
Scrolls
 b - a scroll of immolation
 d - a scroll of blinking {unknown}
Potions
 e - a potion of curing {unknown}


   Skills:
 + Level 2.4 Fighting
 * Level 4.5 Ranged Weapons
 - Level 2.0 Dodging
 - Level 1.0 Stealth


You had 2 spell levels left.
You didn't know any spells.
Your spell library was empty.

Dungeon Overview and Level Annotations

Branches:
Dungeon (1/15)

Altars:


Message History

You shoot an arrow. The arrow hits the kobold.
You kill the kobold!
You shoot an arrow. The arrow hits the dart slug.
The dart slug is moderately wounded.
You hear a shout!
The dart slug bites you.
You shoot an arrow. The arrow hits the dart slug.
The dart slug is heavily wounded.
You shoot an arrow. The arrow hits the dart slug.
You kill the dart slug!
You have reached level 3!
Your experience leads to an increase in your attributes!
Increase (S)trength, (I)ntelligence, or (D)exterity?
You feel agile. x2
You start resting.
A kobold comes into view. It is wielding a +0 broad axe.
Press: ? - help, v - describe, . - travel
Here: a kobold, wielding a +0 broad axe and wearing an amulet of reflection (reflecting blocked projectiles)
The floor.
You are now empty-handed.
a - a +0 shortbow (weapon)
You are too injured to fight recklessly!
You are too injured to fight recklessly!
Fire: a) +0 shortbow
Press: ? - help, Q - select action Shift-Dir - straight line, f - kobold
Aim: a kobold, wielding a +0 broad axe and wearing an amulet of reflection (reflecting blocked projectiles, 58% to hit)
You shoot an arrow.
The kobold blocks the arrow with an invisible shield... and reflects it back!
The arrow hits you!
* * * LOW HITPOINT WARNING * * *
You shoot an arrow.
The kobold blocks the arrow with an invisible shield... and reflects it back!
The arrow hits you but does no damage. The kobold barely misses you.
The kobold closely misses you.
You shoot an arrow.
The kobold blocks the arrow with an invisible shield... and reflects it back!
The arrow hits you.
* * * LOW HITPOINT WARNING * * *
The kobold hits you with a +0 broad axe!
You die...

...## . w#?.#
.# .. .w.. ..#
#.# .g. #.#
#..# .. #..#
#...## .##...#
#
#...####...†.#
..##...K@))#
........####
####....#
##...##
#....##
#.....###
#...#...#
...(...###.##
.......# #..##


You could see a kobold (reflecting).

Vanquished Creatures
  3 dart slugs (D:1)
  2 ball pythons (D:1)
  2 giant cockroaches (D:1)
  A goblin (D:1)
  A hobgoblin (D:1)
  A bat (D:1)
  2 frilled lizards (D:1)
  2 kobolds (D:1)
14 creatures vanquished.

Notes
Turn   | Place    | Note
-------+----------+-------------------------------------------
     0 | D:1      | porpoise the Human Hunter began the quest for the Orb.
     0 | D:1      | Reached XP level 1. HP: 16/16 MP: 1/1
    59 | D:1      | Reached XP level 2. HP: 22/22 MP: 2/2
   130 | D:1      | Reached XP level 3. HP: 11/28 MP: 3/3
   136 | D:1      | Slain by a kobold

Illustrated notes

Levels and vault maps discovered:
D:1:      lemuel_arrival_funnel, layout_basic, minmay_circled_x

Action                     || total
---------------------------++-------
   Fire: Shortbow          ||    38
 Armour: Leather armour    ||    10
  Dodge: Dodged            ||    18
